AoeStats
← jhonskull87

Nomad

503418084Analyzed
4v4 RM · 1mo ago on Aug 31, 2026· 59m 11s· 8 players
Game mode
Random Map
Map size
231×231
Population
200
Speed
Normal
Resources
Standard
Victory
Conquest
Starting age
Dark Age
Ending age
Imperial Age
RankedLock teamsTeams togetherTeam positionsShared explorationLock speedFull tech treeHidden civsTurbo modeCheats
Victory
Defeat
🇺🇸 Aztecs · United States
782
+9
🇨🇾 Armenians · Cyprus
777
+9
🇨🇳 Chinese · China
709
+11
🇩🇪 Britons · Germany
433
+23
🇫🇷 Turks · France
702
-17
🇲🇽 Persians · Mexico
628
-14
🇬🇷 Britons · Greece
599
-13
🇳🇴 Khmer · Norway
503
-9
jhonskull87
16:55 Feudal Age
15:11 Loom
20:14 Double-Bit Axe
20:14 Horse Collar
25:55 Wheelbarrow
35:54 Castle Age
33:40 Town Watch
36:39 Stone Mining
36:43 Gold Mining
38:07 Hand Cart
38:57 Bow Saw
38:50 Heavy Plow
40:20 Stone Shaft Mining
40:24 Gold Shaft Mining
39:12 Pikeman
39:38 Gambesons
41:39 Forging
41:20 Fletching
42:31 Husbandry
44:13 Iron Casting
43:45 Murder Holes
44:11 Ballistics
44:52 Squires
46:48 Bloodlines
48:16 Town Patrol
49:33 Kamandaran
50:56 Scale Barding Armor
50:47 Bodkin Arrow
51:47 Elite Skirmisher
53:00 Heated Shot
Varg_1960
3:49 Loom
13:18 Feudal Age
14:39 Double-Bit Axe
17:16 Wheelbarrow
16:59 Town Watch
23:31 Castle Age
23:07 Gold Mining
24:13 Man-at-Arms
25:22 Long Swordsman
33:19 Bow Saw
34:27 Horse Collar
38:09 Imperial Age
36:41 Pikeman
38:58 Capped Ram
45:57 Two-Handed Swordsman
clementhebeste
21:12 Feudal Age
21:30 Loom
21:51 Double-Bit Axe
26:57 Bloodlines
29:04 Scale Barding Armor
mavra
8:07 Loom
20:54 Feudal Age
22:31 Wheelbarrow
21:52 Town Watch
22:00 Fishing Lines
28:11 Fletching
28:46 Scale Barding Armor
31:10 Horse Collar
Olivenwald
4:16 Loom
14:34 Feudal Age
15:48 Arson
16:00 Horse Collar
16:24 Double-Bit Axe
17:14 Man-at-Arms
27:24 Castle Age
27:27 Wheelbarrow
28:08 Crossbowman
28:47 Fletching
35:06 Bow Saw
37:02 Squires
36:48 Gambesons
36:23 Pikeman
43:44 Long Swordsman
45:13 Yeomen
50:47 Imperial Age
48:34 Hand Cart
54:25 Capped Ram
55:19 Warwolf
57:36 Two-Handed Swordsman
Cuauhocelotl831
5:35 Loom
22:50 Feudal Age
23:19 Double-Bit Axe
24:27 Wheelbarrow
29:03 Gold Mining
32:23 Castle Age
32:58 Stone Mining
33:53 Bow Saw
34:03 Hand Cart
34:10 Town Watch
41:55 Imperial Age
40:51 Pikeman
41:32 Squires
46:08 Forging
45:58 Scale Mail Armor
45:49 Fletching
52:31 Eagle Warrior
56:54 Iron Casting
56:34 Chain Mail Armor
56:15 Bodkin Arrow
56:40 Elite Eagle Warrior
koukakisvasilis1
5:25 Loom
17:26 Feudal Age
18:00 Double-Bit Axe
20:59 Horse Collar
22:44 Gold Mining
28:47 Castle Age
26:41 Stone Mining
27:00 Fishing Lines
28:37 Forging
28:18 Fletching
28:29 Padded Archer Armor
29:51 Bow Saw
29:46 Heavy Plow
32:19 Gold Shaft Mining
33:23 Medium Warships
33:07 Gillnets
36:12 Wheelbarrow
38:50 Iron Casting
38:10 Bodkin Arrow
38:31 Leather Archer Armor
38:33 Hand Cart
38:03 Town Watch
40:40 Cilician Fleet
44:41 Imperial Age
42:34 Town Patrol
47:00 Cilician Fleet
46:28 Elite Composite Bowman
47:43 Hoardings
46:39 Sappers
48:02 Ring Archer Armor
47:32 Bracer
48:33 Blast Furnace
53:25 Cilician Fleet
55:23 Cilician Fleet
604569544
16:54 Feudal Age
17:26 Town Watch
18:17 Wheelbarrow
22:14 Castle Age
21:51 Fishing Lines
24:51 Wheelbarrow
29:22 Scale Barding Armor
31:06 Forging
36:20 Guard Tower
36:52 Ballistics
37:17 Herbal Medicine
38:05 Horse Collar
38:20 Gold Mining
38:21 Stone Mining
39:12 Iron Casting
38:57 Chain Barding Armor
38:28 Fletching
39:17 Gillnets
39:50 Fortified Wall
39:38 Murder Holes
42:04 Double-Bit Axe
45:48 Imperial Age
43:38 Hand Cart
43:26 Town Patrol
43:31 Scale Mail Armor
43:32 Padded Archer Armor
43:46 Bodkin Arrow
45:17 Heavy Plow
45:55 Stone Shaft Mining
45:56 Gold Shaft Mining
45:43 Leather Archer Armor
45:52 Chain Mail Armor
46:11 Bow Saw
46:58 Conscription
46:41 Heavy Scorpion
47:15 Loom
48:27 Great Wall
48:10 Heavy Rocket Cart
48:36 Elite Chu Ko Nu
49:55 Ring Archer Armor
52:16 Two-Man Saw
51:57 Rocketry
53:30 Careening
53:31 Clinker Construction
53:43 Shipwright
53:30 Siphons
53:20 Heated Shot
53:41 Masonry
54:15 Pikeman
54:55 Squires
54:40 Arson
Connection lost

Rejoining the realm…

Still unreachable

The connection could not be restored.

Session expired

The server has moved on; the page needs a fresh start.